 Dungeon Crawl Stone Soup version 0.20-a0-689-g860b9ab (webtiles) character file.

312 Klosterheim the Slasher (level 6, -3/51 HPs)
             Began as a Draconian Fighter on Feb 19, 2017.
             Killed by divine providence
             ... invoked by an orc priest
              (12 damage)
             ... on level 4 of the Dungeon.
             The game lasted 00:05:25 (3200 turns).

Klosterheim the Slasher (Draconian Fighter)         Turns: 3200, Time: 00:05:26

Health: -3/51      AC:  7    Str: 19    XL:     6   Next: 18%
Magic:  6/6        EV: 10    Int:  8    God:
Gold:   238        SH: 10    Dex: 12    Spells: 5/5 levels left

rFire    . . .     SeeInvis +   a - +1 long sword
rCold    . . .     Gourm    +   (armour unavailable)
rNeg     . . .     Faith    .   b - +1 shield
rPois    .         Spirit   .   (helmet restricted)
rElec    .         Reflect  .   r - +0 cloak
rCorr    .         Harm     .   (no gloves)
MR       .....                  (no boots)
Stlth    +.........             u - amulet of the gourmand
Regen    0.2/turn               (no ring)
MPRegen  0.1/turn               o - ring of see invisible

@: no status effects
A: unfitting armour, cold-blooded, AC +6
a: no special abilities


You were on level 4 of the Dungeon.
You were completely stuffed.

You visited 1 branch of the dungeon, and saw 4 of its levels.

You collected 238 gold pieces.

Inventory:

Hand Weapons
 a - a +1 long sword (weapon)
Armour
 b - a +1 shield (worn)
 r - a +0 cloak (worn)
Jewellery
 o - a ring of see invisible (left hand)
 s - an uncursed ring of fire
 u - an amulet of the gourmand (around neck)
Scrolls
 e - a scroll of amnesia
 g - a scroll of immolation {unknown}
 i - a scroll of recharging
Potions
 c - a potion of might
 f - a potion of curing
 l - a potion of heal wounds
 t - a potion of haste {unknown}
Comestibles
 d - 3 bread rations
 h - 3 royal jellies
 j - 8 chunks of flesh
 p - a meat ration


   Skills:
 - Level 3.2 Fighting
 + Level 6.6 Long Blades
 - Level 2.6 Dodging
 - Level 3.0 Shields


You had 5 spell levels left.
You didn't know any spells.

Dungeon Overview and Level Annotations

Branches:
Dungeon (4/15)
 Temple: D:4-7

Altars:


Innate Abilities, Weirdness & Mutations

Your plain brown scales are hard. (AC +6)
You cannot fit into any form of body armour.
You are cold-blooded and may be slowed by cold attacks.


Message History

You closely miss the orc priest. The orc wizard barely misses you.
You block the orc priest's attack.
You barely miss the orc priest.
You tail-slap the orc priest, but do no damage.
You block the orc wizard's attack.
The orc priest mumbles some strange prayers to Beogh against you.
Beogh smites you!
* * * LOW HITPOINT WARNING * * *
Your shield prevents you from hitting the orc priest.
The orc wizard hits you but does no damage.
The orc priest hits you but does no damage.
You block the orc wizard's attack.
You hit the orc priest but do no damage.
Your tail-slap misses the orc priest.
The orc priest hits you.
* * * LOW HITPOINT WARNING * * *
The orc wizard closely misses you.
You completely miss the orc priest.
Your tail-slap misses the orc priest.
The orc priest calls down the wrath of Beogh upon you.
Beogh smites you!
You die...

#.......#.#.#<....##
#.......###.#...#....
#...........#.#.# ..
..######......######.#.#
...........#.#.......# #
.#########.#.#.#######
#. #.#.........#..#
#.###.##).......
#.o@o..).......#
#.)##.##)#......
#..#........#...
....#.....#..# #.
....#.#.######.#
###..#.#.# .# #..#.#.# .
#..#..o# . #. #...# ..


You could see an orc priest and an orc wizard.

Vanquished Creatures
  A bullfrog (D:3)
  An orc priest (D:3)
  6 adders
  4 gnolls
  3 oozes
  2 dart slugs
  2 leopard geckos
  16 orcs
  2 ball pythons
  3 giant cockroaches
  9 goblins
  4 hobgoblins
  13 jackals
  11 kobolds
  6 bats
  2 frilled lizards
  A jackal skeleton (D:3)
  11 rats
97 creatures vanquished.

Notes
Turn   | Place    | Note
-------+----------+-------------------------------------------
     0 | D:1      | Klosterheim the Draconian Fighter began the quest for the Orb.
     0 | D:1      | Reached XP level 1. HP: 19/19 MP: 1/1
    83 | D:1      | Reached XP level 2. HP: 6/26 MP: 2/2
   372 | D:1      | Reached skill level 3 in Long Blades
   444 | D:1      | Reached XP level 3. HP: 31/31 MP: 3/3
   965 | D:2      | Reached skill level 4 in Long Blades
  1238 | D:2      | Reached XP level 4. HP: 35/38 MP: 4/4
  1311 | D:2      | Found a faded altar of an unknown god.
  1832 | D:2      | Reached skill level 5 in Long Blades
  1915 | D:3      | Reached XP level 5. HP: 41/45 MP: 5/5
  2564 | D:3      | Reached skill level 6 in Long Blades
  2770 | D:3      | Reached XP level 6. HP: 10/51 MP: 6/6
  3200 | D:4      | Killed from afar by an orc priest

Vault maps used:
D:1:      dpeg_arrival_subterranean_lakeside_camping
D:2:      chequers_ecumenical_altar_lobes
D:3:      first_bread
D:4:      tgw_xom

Skill      XL: |  1  2  3  4  5 |
---------------+----------------+-----
Long Blades    | 3 4 5 6 |  6.6
Fighting       | |  3.2
Dodging        | |  2.6
Shields        | |  3.0

Action                   |  1- 3 |  4- 6 || total
-------------------------+-------+-------++-------
Melee: Long sword        |   112 |   183 ||   295
       Tailslap          |    10 |    17 ||    27
  Use: Scroll            |       |    11 ||    11
 Stab: Sleeping          |       |     1 ||     1
  Eat: Chunk             |     1 |    18 ||    19
Armor: Skin              |    37 |    44 ||    81
Dodge: Dodged            |    36 |    75 ||   111
Block: Shield            |    41 |    98 ||   139
       Rpst.: Long sword |    15 |    19 ||    34
